 Dungeon Sprint DCSS version 0.30-a0-50-gb2d611f6b1 (webtiles) character file.

Game seed: 7070749147286064280

1497 MrFrogsmire the Warrior (level 10, -35/76 HPs)
             Began as a Gargoyle Berserker on Sept 4, 2022.
             Was a High Priest of Trog.
             Killed from afar by a will-o-the-wisp (39 damage)
             ... with a foxfire
             ... in the Dungeon (Sprint VI: "Thunderdome").
             The game lasted 00:26:48 (1086 turns).

MrFrogsmire the Warrior (Gargoyle Berserker)        Turns: 1086, Time: 00:26:49

Health: -35/76     AC: 25    Str: 35    XL:     10   Next: 69%
Magic:  19/19      EV: 14    Int:  8    God:    Trog [*****.]
Gold:   49         SH:  0    Dex: 22    Spells: 9/9 levels left

rFire   x . .      SeeInvis +    p - +3 quarterstaff (protect)
rCold   + + .      Faith    .    (shield currently unavailable)
rNeg    + + .      Spirit   .    w - +0 ice dragon scales
rPois   ∞          Reflect  .    (no helmet)
rElec   +          Harm     .    (no cloak)
rCorr   .          Rampage  .    (no gloves)
Will    +....      NoTele   +    (no boots)
Stlth   ++........               o - amulet "Vuetaxza" {-Tele Regen+ Str+7 Dex+3 Slay+5}
HPRegen 1.02/turn                q - ring "Uresorem" {Contam rPois rN+ Str+3 Dex+6}
MPRegen 0.16/turn                i - ring "Ylak" {rElec Will+ MP+9 Str+4 SInv}

@: corroded, under a protective aura, unable to drink
A: sickness immunity, AC +7, negative energy resistance 1, electricity
resistance, torment resistance 1, petrification resistance, iridescent scales 1,
inability to drink after injury 2
}: 1/15 runes: decaying
a: Renounce Religion, Berserk, Trog's Hand, Brothers in Arms


You were in the Dungeon.
You worshipped Trog.
Trog was extremely pleased with you.
You visited 1 branch You collected 1500 gold pieces.
You spent 1451 gold pieces at shops.

Inventory:

Hand Weapons
 p - a +3 quarterstaff of protection (weapon)
Armour
 a - a +0 plate armour
 b - a +0 animal skin
 w - +0 ice dragon scales (worn)
Jewellery
 i - the ring "Ylak" (right hand) {rElec Will+ MP+9 Str+4 SInv}
   (You bought it in a shop in the Dungeon)

   [ring of willpower]

   Str:       It affects your strength (+4).
   rElec:     It insulates you from electricity.
   MP:        It affects your magic capacity (+9).
   SInv:      It lets you see invisible.
   Will:      It increases your willpower.
 m - the ring of Guirgh {rC+ rN+ Dex-2 SInv}
   (You bought it in a shop in the Dungeon)

   [ring of see invisible]

   Dex:       It affects your dexterity (-2).
   rC:        It protects you from cold.
   rN:        It protects you from negative energy.
   SInv:      It lets you see invisible.
 n - the ring "Fanynuz" {rF+ Str+5 Int-4 SInv}
   (You bought it in a shop in the Dungeon)

   [ring of see invisible]

   Str:       It affects your strength (+5).
   Int:       It affects your intelligence (-4).
   rF:        It protects you from fire.
   SInv:      It lets you see invisible.
 o - the amulet "Vuetaxza" (around neck) {-Tele Regen+ Str+7 Dex+3 Slay+5}
   (You bought it in a shop in the Dungeon)

   [amulet of regeneration]

   Str:       It affects your strength (+7).
   Dex:       It affects your dexterity (+3).
   Slay:      It affects your accuracy & damage with ranged weapons and melee
   (+5).
   -Tele:     It prevents most forms of teleportation.
   Regen:     It increases your rate of health regeneration.
 q - the ring "Uresorem" (left hand) {Contam rPois rN+ Str+3 Dex+6}
   (You bought it in a shop in the Dungeon)

   [ring of dexterity]

   Str:       It affects your strength (+3).
   Dex:       It affects your dexterity (+6).
   rPois:     It protects you from poison.
   rN:        It protects you from negative energy.
   Contam:    It causes magical contamination when unequipped.
 r - the ring of Udoini {rC+ Dex+5 Slay+3}
   (You bought it in a shop in the Dungeon)

   [ring of protection from cold]

   Dex:       It affects your dexterity (+5).
   Slay:      It affects your accuracy & damage with ranged weapons and melee
   (+3).
   rC:        It protects you from cold.
 t - the amulet "Huasmism" {Acrobat rElec Slay+3}
   (You bought it in a shop in the Dungeon)

   [amulet of the acrobat]

   It increases your evasion while moving and waiting.
   Slay:      It affects your accuracy & damage with ranged weapons and melee
   (+3).
   rElec:     It insulates you from electricity.
 u - the ring of Hokiuph {Fire Str+6 Slay-6}
   (You bought it in a shop in the Dungeon)

   [ring of fire]

   It enhances your fire magic.
   Str:       It affects your strength (+6).
   Slay:      It affects your accuracy & damage with ranged weapons and melee
   (-6).
   rF:        It protects you from fire.
   rC:        It makes you vulnerable to cold.
 v - a ring of magical power
Scrolls
 h - 4 scrolls of blinking
 k - 3 scrolls of butterflies
Potions
 c - a potion of curing
 d - 4 potions of heal wounds
 e - 4 potions of haste
 f - 2 potions of magic
 g - a potion of berserk rage
 j - a potion of might {unknown}
 l - a potion of resistance
 s - a potion of experience


   Skills:
 + Level 15.0 Fighting
 + Level 11.2(13.4) Maces & Flails
 - Level 12.2(14.0) Staves
 + Level 10.5 Armour
 + Level 5.3 Dodging
 + Level 6.7 Stealth
 + Level 5.3 Evocations


You had 9 spell levels left.
You didn't know any spells.
Your spell library was empty.

Dungeon Overview and Level Annotations

Branches:
Dungeon (1/1)

Altars:
Cheibriados
Dithmenos
Fedhas
Gozag
Kikubaaqudgha
Makhleb
Okawaru
Qazlal
Ru
Sif Muna
Trog
Uskayaw
Vehumet
Wu Jian
Xom
Yredelemnul
Zin
The Shining One
Lugonu

Shops:
D *[??*?*:[((!!!!


Innate Abilities, Weirdness & Mutations

You are immune to sickness and miasma.
Your stone body is resilient. (AC +7)
You are immune to poison.
You resist negative energy. (rN+)
You are resistant to electric shocks. (rElec)
You are resistant to unholy torment.
You are immune to petrification.
You are partially covered in iridescent scales. (AC +2)
You sometimes lose the ability to drink potions when taking damage.


Message History

2 foxfires come into view.
The foxfire hits your troll!! The alligator bites your troll!
Your troll dies!
Your troll's corpse disappears in a puff of smoke!
The ghost crab breathes spectral mist at you.
The spectral mist engulfs the bog body but does no damage.
You can drink potions again.
The foxfire is engulfed in spectral mist. x2
The foxfire hits you!!! The fire burns you terribly!
You feel threatened and lose the ability to drink potions!
Ouch! That really hurt!
* * * LOW HITPOINT WARNING * * *
The goliath frog is engulfed in spectral mist.
The goliath frog hits you from afar.
* * * LOW HITPOINT WARNING * * *
The acid corrodes you!
You are splashed with acid!
* * * LOW HITPOINT WARNING * * *
The seven-headed hydra is engulfed in spectral mist.
The will-o-the-wisp gestures.
The will-o-the-wisp conjures some foxfire! 2 foxfires come into view.
You cannot drink potions in your current state!
You cannot drink potions in your current state!
You cannot drink potions in your current state!
You cannot drink potions in your current state!
The bog body attacks as you move away! The bog body closely misses you.
The goliath frog is engulfed in spectral mist.
The foxfire is engulfed in spectral mist.
The goliath frog is engulfed in spectral mist.
The goliath frog dies!
The seven-headed hydra is engulfed in spectral mist.
Your Fighting skill increases to level 15!
You sock the bog body!
Your weapon exudes an aura of protection.
The bog body is moderately damaged. 50...
The foxfire is engulfed in spectral mist. x4
The foxfire hits you!!! The fire burns you terribly!
Ouch! That really hurt!
You die...

#_......._# #_......._#
#_......._# ###)........###
#⌠...........⌠#
######.8.†.......8.######
#.[__......###[....§.v_§##
∩......).8.# #.8.§vtt..§∩###
.).....))..###..@nD§§k§....##
........###...###vZ§§......§#
.......[# #.<.# #.§........§#
........###...###..........§#
...........###.............##
∩.......†8.# #.8........∩###
#∩___......###......___∩##
######.8......)..8.######
#⌠.......[...⌠#


You could see an alligator (swift), a seven-headed hydra, a ghost crab, a
spectral giant cockroach (summoned), a will-o-the-wisp, a bog body and a swamp
drake.

Vanquished Creatures
  A mummy priest (D)
  A wizard (D)
  A guardian mummy (D)
  4 neqoxecs (D)
  A scorpion (D)
  2 gnoll boudas (D)
  Crazy Yiuf (D)
  5 orc priests (D)
  An iron imp (D)
  5 mummies (D)
  3 gnolls (D)
  2 worms (D)
  2 giant cockroaches (D)
29 creatures vanquished.

Vanquished Creatures (collateral kills)
  2 boulder beetles (D)
  An iron troll (D)
  A rust devil (D)
  A hornet (D)
  A spriggan (D)
  2 neqoxecs (D)
  2 earth elementals (D)
  An iron imp (D)
11 creatures vanquished.

Vanquished Creatures (others)
  A goliath frog (D)
  4 foxfires (D)
5 creatures vanquished.

Grand Total: 45 creatures vanquished

Notes
Turn   | Place    | Note
-------+----------+-------------------------------------------
     0 | D        | MrFrogsmire the Gargoyle Berserker began the quest for the
                  | Orb.
     0 | D        | Reached XP level 1. HP: 14/14 MP: 1/1
     1 | D        | Found a glowing golden altar of the Shining One.
     2 | D        | Found a sacrificial altar of Ru.
     2 | D        | Found a corrupted altar of Lugonu.
     3 | D        | Found an ancient bone altar of Kikubaaqudgha.
     3 | D        | Found a snail-covered altar of Cheibriados.
     4 | D        | Found Veruat's Distillery.
     4 | D        | Found a bloodstained altar of Trog.
     4 | D        | Found a shimmering altar of Xom.
     4 | D        | Found a basalt altar of Yredelemnul.
     4 | D        | Found Depuas's Do-It-Yourself Clinic.
     5 | D        | Found Jummi's Distillery.
     5 | D        | Found Bier's Bottled Wisdom.
     5 | D        | Round 1.
     9 | D        | Found a blossoming altar of Fedhas.
    10 | D        | Found an iron altar of Okawaru.
    25 | D        | Found Morphysoo's Weapon Rack.
    26 | D        | Found Negg's Basic Armour.
    26 | D        | Found Yxitatt's Miscellaneous Merchandise.
    27 | D        | Found an ornate altar of the Wu Jian Council.
    27 | D        | Found an opulent altar of Gozag.
    27 | D        | Found Ynuo's Premium Goods.
    31 | D        | Found a radiant altar of Vehumet.
    32 | D        | Found a stormy altar of Qazlal.
    33 | D        | Found a shadowy altar of Dithmenos.
    34 | D        | Found Rivvuominn's Identification Station.
    35 | D        | Found Dyaph's Advanced Armour.
    35 | D        | Found Tanuitt's Jewellery.
    36 | D        | Found a burning altar of Makhleb.
    49 | D        | Bought a heavily runed platinum ring for 45 gold pieces
    49 | D        | Identified the ring of Guirgh {rC+ rN+ Dex-2 SInv} (You
                  | bought it in a shop in the Dungeon)
    49 | D        | Bought a fine platinum ring for 45 gold pieces
    49 | D        | Identified the ring "Fanynuz" {rF+ Str+5 Int-4 SInv} (You
                  | bought it in a shop in the Dungeon)
    49 | D        | Bought a steaming diamond amulet for 45 gold pieces
    49 | D        | Identified the amulet "Vuetaxza" {-Tele Regen+ Str+7 Dex+3
                  | Slay+5} (You bought it in a shop in the Dungeon)
    56 | D        | Noticed a scorpion
    64 | D        | Killed a scorpion
    65 | D        | Reached skill level 6 in Fighting
    65 | D        | Reached skill level 5 in Maces & Flails
    65 | D        | Reached XP level 2. HP: 15/22 MP: 2/2
    65 | D        | Reached XP level 3. HP: 19/27 MP: 3/3
    65 | D        | Reached XP level 4. HP: 23/32 MP: 4/4
    65 | D        | Found a hide-covered altar of Uskayaw.
    86 | D        | Found a shimmering blue altar of Sif Muna.
    86 | D        | Found a glowing silver altar of Zin.
    88 | D        | Found Zuesujob's Magic Scroll Shop.
    89 | D        | Found Joib's Staff Store.
    89 | D        | Found Wuokidu's Magic Scroll Shop.
    89 | D        | Found Xyifutel's Must-Have Magic.
    91 | D        | Reached ** piety under Trog
   113 | D        | Arena points: 12 (+12) [x2]
   186 | D        | Round 2.
   240 | D        | Reached skill level 1 in Evocations
   269 | D        | Noticed Crazy Yiuf
   272 | D        | Killed Crazy Yiuf
   293 | D        | Reached *** piety under Trog
   294 | D        | Reached skill level 7 in Fighting
   294 | D        | Reached XP level 5. HP: 38/38 MP: 5/5
   305 | D        | Arena points: 54 (+42) [x3]
   342 | D        | Bought a shimmering steel ring for 45 gold pieces
   342 | D        | Identified the ring "Ylak" {rElec Will+ MP+9 Str+4 SInv}
                  | (You bought it in a shop in the Dungeon)
   342 | D        | Bought a wavering pewter ring for 45 gold pieces
   342 | D        | Identified the ring "Uresorem" {Contam rPois rN+ Str+3
                  | Dex+6} (You bought it in a shop in the Dungeon)
   342 | D        | Bought an ancient brass ring for 45 gold pieces
   342 | D        | Identified the ring of Udoini {rC+ Dex+5 Slay+3} (You
                  | bought it in a shop in the Dungeon)
   358 | D        | Round 3.
   366 | D        | Reached skill level 8 in Fighting
   380 | D        | Reached skill level 1 in Staves
   380 | D        | Reached XP level 6. HP: 36/45 MP: 6/6
   382 | D        | Reached **** piety under Trog
   388 | D        | Reached skill level 9 in Fighting
   414 | D        | Arena points: 126 (+72) [x4]
   429 | D        | Round 4.
   429 | D        | Noticed a neqoxec
   430 | D        | Gained mutation: You occasionally lose the ability to drink
                  | potions when taking damage. [a neqoxec]
   433 | D        | Killed a neqoxec
   434 | D        | Reached skill level 5 in Armour
   434 | D        | Reached XP level 7. HP: 51/51 MP: 7/7
   476 | D        | Noticed a neqoxec
   477 | D        | Noticed a neqoxec
   477 | D        | Noticed a neqoxec
   477 | D        | Gained mutation: You are partially covered in iridescent
                  | scales. (AC +2) [a neqoxec]
   482 | D        | Killed a neqoxec
   483 | D        | Reached skill level 10 in Fighting
   484 | D        | Killed a neqoxec
   485 | D        | Reached skill level 10 in Maces & Flails
   485 | D        | Reached skill level 5 in Staves
   487 | D        | Killed a neqoxec
   488 | D        | Reached XP level 8. HP: 59/59 MP: 8/8
   523 | D        | Reached skill level 11 in Fighting
   530 | D        | Arena points: 266 (+140) [x5]
   549 | D        | Bought a +0 plate armour for 276 gold pieces
   569 | D        | Round 5.
   570 | D        | Noticed a witch
   590 | D        | Noticed a five-headed hydra
   592 | D        | Killed a witch
   592 | D        | Reached ***** piety under Trog
   592 | D        | Arena points: 546 (+280) [x7]
   593 | D        | Reached skill level 5 in Evocations
   593 | D        | Reached XP level 9. HP: 63/65 MP: 9/9
   605 | D        | Got a decaying rune of Zot
   649 | D        | Bought a scorched amethyst amulet for 45 gold pieces
   649 | D        | Identified the amulet "Huasmism" {Acrobat rElec Slay+3}
                  | (You bought it in a shop in the Dungeon)
   649 | D        | Bought a brightly glowing golden ring for 45 gold pieces
   649 | D        | Identified the ring of Hokiuph {Fire Str+6 Slay-6} (You
                  | bought it in a shop in the Dungeon)
   760 | D        | Bought a scroll of brand weapon for 95 gold pieces
   775 | D        | Round 6.
   799 | D        | Noticed a mummy priest
   801 | D        | Noticed a freezing wraith
   816 | D        | Gained mutation: You sometimes lose the ability to drink
                  | potions when taking damage. [a neqoxec]
   821 | D        | Killed a mummy priest
   822 | D        | Reached skill level 12 in Fighting
   830 | D        | Noticed a guardian mummy
   838 | D        | Killed a guardian mummy
   851 | D        | Arena points: 930 (+384) [x8]
   897 | D        | Round 7.
   909 | D        | Noticed an iron troll
   923 | D        | Killed an iron troll
   936 | D        | Reached skill level 13 in Fighting
   938 | D        | Reached XP level 10. HP: 59/73 MP: 10/10
   973 | D        | Noticed a boulder beetle
   984 | D        | Killed a boulder beetle
   985 | D        | Reached skill level 5 in Dodging
   985 | D        | Reached skill level 5 in Stealth
   994 | D        | Noticed a boulder beetle
   994 | D        | Noticed a rust devil
   997 | D        | Killed a rust devil
   998 | D        | Reached skill level 14 in Fighting
  1004 | D        | Killed a boulder beetle
  1012 | D        | Arena points: 1497 (+567) [x9]
  1021 | D        | Bought +0 ice dragon scales for 720 gold pieces
  1075 | D        | Round 8.
  1075 | D        | Noticed a will-o-the-wisp
  1075 | D        | Noticed a seven-headed hydra
  1076 | D        | Noticed an alligator
  1076 | D        | Noticed a goliath frog
  1077 | D        | Noticed a bog body
  1077 | D        | Noticed a spriggan rider
  1077 | D        | Noticed a ghost crab
  1082 | D        | Reached skill level 10 in Armour
  1084 | D        | HP: 3/76 [acid (7)]
  1085 | D        | Killed a goliath frog
  1086 | D        | Reached skill level 15 in Fighting
  1086 | D        | Killed from afar by a will-o-the-wisp

Illustrated notes

Levels and vault maps discovered:
D:        arena_sprint

Skill      XL: |  1  2  3  4  5  6  7  8  9 10 |
---------------+-------------------------------+-----
Fighting       | 6 7 8 9 10 11 13 15 | 15.0
Maces & Flails | 5 7 8 9 10 11 | 11.2
Armour         | 3 4 5 7 10 | 10.5
Dodging        | 2 3 4 5 |  5.3
Evocations     | 1 2 3 4 5 |  5.3
Staves         | 1 3 6 9 12 | 12.2
Stealth        | 2 4 6 |  6.7

Action                   |  1- 3 |  4- 6 |  7- 9 | 10-12 || total
-------------------------+-------+-------+-------+-------++-------
Melee: Mace              |     8 |    13 |       |       ||    21
       Quarterstaff      |       |    15 |    70 |    12 ||    97
Invok: Trog's Hand       |       |    10 |     2 |       ||    12
       Brothers in Arms  |       |       |     3 |     2 ||     5
Evoke: Wand              |     5 |     5 |       |       ||    10
  Use: Scroll            |       |       |     1 |       ||     1
 Stab: Confused          |       |       |     2 |       ||     2
Armor: Animal skin       |       |     4 |     1 |       ||     5
       Plate armour      |       |       |    28 |     2 ||    30
Dodge: Dodged            |     4 |    12 |    31 |     5 ||    52

Table legend: (Time is in decaauts)
 A = Elapsed time spent in this place.
 B = Non-inter-level travel time spent in this place.
 C = Inter-level travel time spent in this place.
 D = Time resting spent in this place.
 E = Time spent auto-exploring this place.
 F = Levels seen in this place.
 G = Mean time per level.
                   A        B        C        D        E       F      G
               +--------+--------+--------+--------+--------+-----+--------+
         Total |   1062 |    386 |    676 |      0 |      0 |   1 | 1062.0 |
       Dungeon |   1062 |    386 |    676 |      0 |      0 |   1 | 1062.0 |
               +--------+--------+--------+--------+--------+-----+--------+

Top non-repeatable levels by time:
       D: 1062 daAuts
